 Dungeon Crawl Stone Soup version 0.31-a0-1206-g41278d8d1d (webtiles) character file.

Game seed: 1359523513449142938

133 Dirtsage the Changeling (level 5, -2/34 HPs)
             Began as an Octopode Shapeshifter on Dec 13, 2023.
             Slain by a howler monkey (5 damage)
             ... on level 4 of the Dungeon.
             The game lasted 00:02:33 (2510 turns).

Dirtsage the Changeling (Octopode Shapeshifter)     Turns: 2510, Time: 00:02:33

Health: -2/34      AC:  1    Str: 14    XL:     5   Next: 16%
Magic:  5/5        EV: 13    Int: 12    God:
Gold:   202        SH:  0    Dex: 13    Spells: 4/4 levels left

rFire   . .          .
                       - Unarmed
rCold   . . .        (no shield)
rNeg    . . .        (helmet currently unavailable)
rPois   .            (no amulet)
rElec   .            (no ring)
rCorr   .            (no ring)
SInv    .            (no ring)
Will    .....        (no ring)
Stlth   ++           (no ring)
HPRegen 0.25/turn    (no ring)
MPRegen 0.09/turn    (no ring)
                     (no ring)

%: no passive effects
@: beast-form
A: beast (slay +2), almost no armour, amphibious, 8 rings, camouflage 1,
gelatinous body 1, (nimble swimmer 1), tentacles
a: Begin Untransformation


You were on level 4 of the Dungeon.
You were a hulking beast.
You visited 1 branch of the dungeon, and saw 4 of its levels.

You collected 202 gold pieces.

Inventory:

Magical Staves
 v - a staff of poison
Talismans
 b - a beast talisman
 c - a flux talisman
Wands
 s - a wand of charming (9)
Scrolls
 d - 4 scrolls of identify {unknown}
 g - a scroll of revelation {unknown}
 h - 2 scrolls of vulnerability {unknown}
 l - a scroll of silence {unknown}
 p - a scroll of blinking {unknown}
 q - a scroll of enchant armour {unknown}
Potions
 a - a potion of lignification
 e - a potion of haste {unknown}
 f - a potion of curing {unknown}
 i - a potion of heal wounds {unknown}
 j - a potion of invisibility {unknown}
 k - a potion of mutation {unknown}
 m - a potion of attraction {unknown}
 n - a potion of berserk rage {unknown}
 o - a potion of brilliance {unknown}
 r - a potion of resistance {unknown}
 t - a potion of cancellation {unknown}
 u - a potion of enlightenment {unknown}


   Skills:
 + Level 2.1 Fighting
 + Level 2.9 Dodging
 + Level 3.6 Unarmed Combat
 * Level 4.1 Shapeshifting


You had 4 spell levels left.
You didn't know any spells.
Your spell library contained the following spells:

 Spells                   Type           Power      Damage    Failure   Level
 Inner Flame              Hex/Fire       0%         N/A       69%         3
 Flame Wave               Conj/Fire      0%         2d4       97%         4
 Sticky Flame             Conj/Fire      0%         2d3       97%         4


Dungeon Overview and Level Annotations

Branches:
Dungeon (4/15)
 Temple: D:4-7

Altars:

Annotations:
D:3 1 runed translucent door, Gorgor's ghost, amateur MiFi


Innate Abilities, Weirdness & Mutations

You are a hulking beast.
Your limbs bulge with bestial killing power. (Slay +2)
You cannot wear most types of armour.
You are amphibious.
You can wear up to eight rings at the same time.
Your skin changes colour to match your surroundings (Stealth+).
Your rubbery body absorbs attacks. (AC +1, EV +1)
((You are camouflaged when in or above water. (Stealth+)))
You have tentacles for arms and can constrict up to eight enemies at once.


Message History

The hound is heavily wounded.
You constrict the hound. The hound bites you. x2
The dart slug launches a dart at you. The slug dart hits you.
* * * LOW HITPOINT WARNING * * *
You take 14 damage, and have 8/29 hp.
MASSIVE DAMAGE!!
You are too injured to fight recklessly!
You are too injured to fight recklessly!
You closely miss the hobgoblin. You grab the hobgoblin.
You constrict the hobgoblin, but do no damage.
You constrict the hound.
The hobgoblin hits you but does no damage.
The hound misses you.
The howler monkey hoots and howls with incredible vigour!
You tentacle-slap the hound.
You kill the hound!
You constrict the hobgoblin. The hobgoblin misses you.
The dart slug launches a dart at you. The slug dart misses you.
Your Shapeshifting skill increases to level 4!
You have reached level 5!
You feel stronger.
You regained 2 hp, and now have 10/34 hp.
MP restored: 5 You tentacle-slap the dart slug.
You grab the dart slug.
The dart slug is heavily wounded.
You constrict the dart slug, but do no damage.
You constrict the hobgoblin.
A hobgoblin comes into view.
The hobgoblin barely misses you. The howler monkey hits you!
* * * LOW HITPOINT WARNING * * *
The dart slug closely misses you.
You take 7 damage, and have 3/34 hp.
MASSIVE DAMAGE!!
The hobgoblin shouts!
You tentacle-slap the dart slug.
You kill the dart slug!
You constrict the hobgoblin.
You kill the hobgoblin!
The howler monkey hits you.
You die...

.................#
......†..........# #
#..............#..
##...............
#...###....$..# ##
#.... #..#...### ..##
##..
.##.#...####.....
###..................
#.........hh.....g
#.(.......†.......
#.................
#........#........
#...##...#....#..#
#####..###....# ..
.... #..... # ....
.......


You could see a howler monkey and a hobgoblin.

Vanquished Creatures
  A hound (D:4)
  4 adders
  4 worms
  2 dart slugs
  2 orcs (D:3)
  7 bats
  5 endoplasms
  2 giant cockroaches
  3 goblins
  5 hobgoblins
  A quokka (D:1)
  6 ball pythons
  4 frilled lizards
  6 kobolds
  5 rats
57 creatures vanquished.

Notes
Turn   | Place    | Note
-------+----------+-------------------------------------------
     0 | D:1      | Dirtsage the Octopode Shapeshifter began the quest for the
                  | Orb.
     0 | D:1      | Reached XP level 1. HP: 13/13 MP: 1/1
   190 | D:1      | Reached XP level 2. HP: 16/18 MP: 2/2
   657 | D:2      | Reached XP level 3. HP: 17/23 MP: 3/3
   941 | D:2      | Found a faded altar of an unknown god.
  1343 | D:2      | Reached XP level 4. HP: 29/29 MP: 4/4
  2094 | D:3      | Found a runed translucent door.
  2183 | D:3      | Noticed Gorgor's ghost (amateur MiFi)
  2509 | D:4      | Reached skill level 4 in Shapeshifting
  2509 | D:4      | Reached XP level 5. HP: 10/34 MP: 5/5
  2510 | D:4      | Slain by a howler monkey

Illustrated notes

Levels and vault maps discovered:
D:1:      scummos_arrival_hexagon, layout_loops_ring, serial_park_tiny_pond,
          kennysheep_decorative_pillar
D:2:      layout_loops_corners, chequers_ecumenical_altar_grove,
          minmay_pentomino_p2
D:3:      layout_loops_cross, gammafunk_ghost_grave
D:4:      layout_cave_pools, beargit_hepliaklqana_dungeon_heroes,
          minmay_temple_entry_statues_fountains, serial_shops, shop

Skill      XL: |  1  2  3  4 |
---------------+-------------+-----
Fighting       | 2 |  2.1
Shapeshifting  | 4 |  4.1
Dodging        | |  2.9
Unarmed Combat | |  3.6

Action                     |  1- 3 |  4- 6 || total
---------------------------+-------+-------++-------
  Melee: Unarmed           |    67 |    47 ||   114
         Tentacles         |    13 |     8 ||    21
         Constrict         |    11 |    16 ||    27
         Punch             |     1 |       ||     1
   Stab: Sleeping          |     6 |    10 ||    16
 Armour: Skin              |    24 |    22 ||    46
  Dodge: Dodged            |    30 |    16 ||    46

Table legend: (Time is in decaauts)
 A = Elapsed time spent in this place.
 B = Non-inter-level travel time spent in this place.
 C = Inter-level travel time spent in this place.
 D = Time resting spent in this place.
 E = Time spent auto-exploring this place.
 F = Levels seen in this place.
 G = Mean time per level.
                   A        B        C        D        E       F      G
               +--------+--------+--------+--------+--------+-----+--------+
         Total |   2502 |   2450 |     52 |      0 |   2106 |   4 |  625.5 |
       Dungeon |   2502 |   2450 |     52 |      0 |   2106 |   4 |  625.5 |
               +--------+--------+--------+--------+--------+-----+--------+

Top non-repeatable levels by time:
     D:2: 1080 daAuts
     D:3: 768 daAuts
     D:1: 636 daAuts
     D:4: 16 daAuts
